 Dungeon Crawl Stone Soup version 0.26-a0-1181-gd376ed14c5 (webtiles) character file.

Game seed: 17862373984815933537

7011 raph the Spear-Bearer (level 11, -8/85 HPs)
             Began as a Merfolk Gladiator on Dec 25, 2020.
             Was a Priest of Qazlal.
             Mangled by a komodo dragon (25 damage)
             ... on level 1 of the Lair of Beasts.
             The game lasted 00:28:26 (13239 turns).

raph the Spear-Bearer (Merfolk Gladiator)          Turns: 13239, Time: 00:28:27

Health: -8/85      AC: 14    Str: 14    XL:     11   Next: 8%
Magic:  5/16       EV: 13    Int:  9    God:    Qazlal [***...]
Gold:   470        SH: 19    Dex: 18    Spells: 7/10 levels left

rFire    + . .     SeeInvis .   a - +1 trident (flame)
rCold    . . .     Faith    .   P - +1 tower shield {AC+3}
rNeg     . . .     Spirit   .   l - +2 leather armour {rF+}
rPois    .         Reflect  .   c - +1 helmet
rElec    .         Harm     .   m - +0 cloak
rCorr    +         Rampage  .   i - +0 pair of gloves
Will     .....                  B - +1 pair of boots
Stlth    +.........             (no amulet)
HPRegen  0.24/turn              f - ring of wizardry
MPRegen  0.15/turn              r - ring of resist corrosion

@: about to teleport, marked
A: change form in water, swift swim, stealthy swim
a: Renounce Religion, Upheaval, Elemental Force


You were on level 1 of the Lair of Beasts.
You worshipped Qazlal.
Qazlal was most pleased with you.
You visited 3 branches of the dungeon, and saw 11 of its levels.
You also visited: Ossuary.

You collected 642 gold pieces.
You spent 172 gold pieces at shops.

Inventory:

Hand Weapons
 a - a +1 trident of flaming (weapon)
Missiles
 b - 21 poisoned darts (quivered)
 s - 27 boomerangs
 y - 2 boomerangs of dispersal
 z - 8 silver javelins
 G - 5 javelins
 I - 2 throwing nets
Armour
 c - a +1 helmet (worn)
 i - a +0 pair of gloves (worn)
 l - a +2 leather armour of fire resistance (worn)
 m - a +0 cloak (worn)
 n - a +1 pair of boots
 A - a +1 buckler
 B - a +1 pair of boots (worn)
 P - a +1 tower shield of protection (worn)
Jewellery
 d - an uncursed ring of fire
 f - a ring of wizardry (left hand)
 r - a ring of resist corrosion (right hand)
Wands
 p - a wand of flame (11)
 F - a wand of disintegration (7)
 H - a wand of random effects (24)
 K - a wand of polymorph (9)
 O - a wand of iceblast (11)
Scrolls
 g - 3 scrolls of amnesia
 h - 9 scrolls of remove curse
 j - 9 scrolls of teleportation
 E - a scroll of fog
 L - 3 scrolls of identify
 M - a scroll of magic mapping
Potions
 e - 3 potions of flight
 k - 2 potions of attraction
 o - 4 potions of brilliance
 q - a potion of berserk rage
 t - 3 potions of magic
 u - 4 potions of haste {unknown}
 w - 5 potions of curing
 x - a potion of cancellation {unknown}
 C - a potion of degeneration {unknown}
 D - 4 potions of lignification {unknown}
 N - a potion of ambrosia {unknown}


   Skills:
 + Level 7.7 Fighting
 - Level 14.0 Polearms
 - Level 4.8 Throwing
 - Level 3.2 Armour
 - Level 7.1 Dodging
 * Level 4.8 Shields
 - Level 7.6 Invocations


You had 7 spell levels left.
You knew the following spells:

 Your Spells              Type           Power        Failure   Level
a - Confusing Touch       Hex            0%           100%        3

Your spell library contained the following spells:

 Spells                   Type           Power        Failure   Level
 Shock                    Conj/Air       0%           93%         1
 Swiftness                Air            0%           98%         2
 Gell's Gravitas          Tloc           0%           100%        3
 Static Discharge         Conj/Air       0%           100%        3
 Airstrike                Air            0%           100%        4
 Petrify                  Tmut/Erth      0%           100%        4
 Lightning Bolt           Conj/Air       0%           100%        5
 Metabolic Englaciation   Hex/Ice        0%           100%        5
 Yara's Violent Unravell  Hex/Tmut       0%           100%        5


Dungeon Overview and Level Annotations

Branches:
Dungeon (9/15)             Temple (1/1) D:5            Lair (1/6) D:9
    Orc (0/2) D:9         Ossuary (visited)

Altars:
Ashenzari
Cheibriados
Dithmenos
Elyvilon
Fedhas
Gozag
Hepliaklqana
Kikubaaqudgha
Makhleb
Nemelex Xobeh
Okawaru
Qazlal
Ru
Sif Muna
Trog
Uskayaw
Wu Jian
Xom
Yredelemnul
Zin
The Shining One

Shops:
D:6 [

Annotations:
Lair:1 Maggie


Message History

The black mamba barely misses you. You block the basilisk's attack.
You block the bullfrog's attack.
Unknown command.
As you read the scroll of fear, it crumbles to dust.
You assume a fearsome visage.
The cane toad looks frightened!
The black mamba looks frightened!
The bullfrog looks frightened!
The basilisk looks frightened!
The bullfrog looks frightened!
The cane toad resists with some effort.
The seven-headed hydra looks frightened!
The yak looks frightened! x2; You feel sick.
A bullfrog comes into view. x2
The cane toad is engulfed in blazing flames.
You feel better.
You hit the komodo dragon but do no damage.
You block the komodo dragon's attack.
Unknown command.
As you read the scroll of teleportation, it crumbles to dust.
You feel strangely unstable.
Cornered, the cane toad turns to fight!
The komodo dragon bites you!!
You die...

#......# ##.<.#.##
#F.###.. #l.##D#
#....# #....#
##.F..###
##.?.FF.P#
#..#l@§.## #
##....☼°.#
#.###..#####F##
#..YY..##$.##Y#
#.#.#.Y.# #...##
..#[...###...##
.....##S.##....###
....# #F†§.........
......Y........?.##


You could see a seven-headed hydra (fleeing), a komodo dragon, 3 yaks, 2 cane
toads, a basilisk (fleeing) and 3 bullfrogs.

Vanquished Creatures
  Harold (D:7)
  2 komodo dragons (D:9)
  A yak (Lair:1)
  Sigmund (D:4)
  A wraith (D:8)
  Eustachio (D:4)
  A basilisk (D:9)
  Grum (D:8)
  A steam dragon (D:9)
  A phantom (D:6)
  2 orc warriors
  3 sky beasts
  A black bear (D:8)
  4 wolves
  8 ogres
  3 centaurs
  A big kobold (D:6)
  7 bullfrogs
  7 scorpions
  A wyvern skeleton (D:6)
  A water moccasin skeleton (D:7)
  6 wights
  4 howler monkeys
  2 electric eels (D:9)
  2 quasits
  A bullfrog zombie (D:5)
  7 orc wizards
  A bullfrog skeleton (D:9)
  3 orc priests (D:9)
  Crazy Yiuf (D:4)
  5 hounds
  A jelly (D:5)
  5 worker ants
  Natasha (twice) (D:4 D:3)
  2 iguanas
  7 big kobold zombies (Ossuary)
  A hound zombie (D:8)
  2 hound skeletons
  2 mummies
  6 gnolls
  8 adders
  A howler monkey skeleton (D:8)
  A shadow imp (D:6)
  2 white imps
  2 ufetubi
  2 oozes (D:2)
  An adder skeleton (D:8)
  2 worms (D:2)
  2 dart slugs
  5 leopard geckos
  32 orcs
  6 spectral bats (Ossuary)
  2 giant cockroaches
  5 gnoll zombies (Ossuary)
  12 goblins
  8 hobgoblins
  10 jackals
  2 quokkas
  6 bats
  3 bat simulacra (Ossuary)
  A frilled lizard (D:5)
  6 goblin simulacra (Ossuary)
  5 goblin zombies
  5 hobgoblin zombies (Ossuary)
  A jackal zombie (D:6)
  9 kobolds
  6 kobold zombies (Ossuary)
  A leopard gecko skeleton (D:8)
  4 orc zombies
  A quokka skeleton (D:5)
  7 rats
  3 rat simulacra (Ossuary)
  6 spectral goblins (Ossuary)
  4 spectral kobolds (Ossuary)
  A spectral rat (Ossuary)
281 creatures vanquished.

Vanquished Creatures (collateral kills)
  A yak (Lair:1)
  A wolf (Lair:1)
2 creatures vanquished.

Vanquished Creatures (others)
  A goblin (D:3)
  2 fungi (Lair:1)
  A plant (Lair:1)
4 creatures vanquished.

Grand Total: 287 creatures vanquished

Notes
Turn   | Place    | Note
-------+----------+-------------------------------------------
     0 | D:1      | raph the Merfolk Gladiator began the quest for the Orb.
     0 | D:1      | Reached XP level 1. HP: 16/16 MP: 1/1
   116 | D:1      | Reached skill level 5 in Polearms
   121 | D:1      | Reached XP level 2. HP: 17/22 MP: 2/2
   841 | D:2      | Reached skill level 6 in Polearms
   841 | D:2      | Reached XP level 3. HP: 27/27 MP: 3/3
   955 | D:2      | Reached skill level 7 in Polearms
   955 | D:2      | Reached XP level 4. HP: 16/33 MP: 4/4
  1363 | D:2      | Reached skill level 8 in Polearms
  1402 | D:2      | Reached XP level 5. HP: 34/38 MP: 5/5
  2439 | D:3      | Learned a level 3 spell: Confusing Touch
  2928 | D:3      | Reached skill level 9 in Polearms
  3186 | D:4      | Reached XP level 6. HP: 19/44 MP: 6/6
  3698 | D:4      | Noticed Natasha
  3711 | D:4      | Killed Natasha
  3712 | D:4      | Reached skill level 10 in Polearms
  3779 | D:4      | Found a sparkling altar of Nemelex Xobeh.
  3857 | D:4      | Noticed Eustachio
  3857 | D:4      | Noticed Natasha
  3907 | D:3      | Killed Natasha
  4134 | D:4      | Killed Eustachio
  4135 | D:4      | Reached skill level 11 in Polearms
  4135 | D:4      | Reached XP level 7. HP: 36/50 MP: 7/7
  4333 | D:4      | Noticed Sigmund
  4342 | D:4      | Killed Sigmund
  4388 | D:4      | Found a runed translucent door.
  4389 | D:4      | Noticed Crazy Yiuf
  4399 | D:4      | Killed Crazy Yiuf
  4561 | D:5      | Entered Level 5 of the Dungeon
  4598 | D:5      | Reached skill level 12 in Polearms
  5108 | D:4      | Reached XP level 8. HP: 21/56 MP: 8/8
  5360 | D:5      | Found a staircase to the Ecumenical Temple.
  5365 | D:5      | Reached skill level 13 in Polearms
  5417 | Temple   | Entered the Ecumenical Temple
  5624 | Temple   | Became a worshipper of Qazlal Stormbringer
  5692 | D:5      | Found an ornate altar of the Wu Jian Council.
  6116 | D:5      | Reached skill level 1 in Invocations
  6182 | D:5      | Reached skill level 1 in Shields
  6183 | D:5      | Found an iron altar of Okawaru.
  6448 | D:6      | Identified the +0 ring mail of the Orcish Mines {-Cast Harm
                  | Int+5 Dex+2}
  6803 | D:6      | Reached skill level 14 in Polearms
  6823 | D:6      | Reached * piety under Qazlal
  6983 | D:6      | Reached XP level 9. HP: 55/61 MP: 11/11
  7100 | D:6      | Noticed a seven-headed hydra
  7580 | D:6      | Reached skill level 5 in Invocations
  7580 | D:6      | Found Ween's Antique Armour Shop.
  7588 | D:6      | Bought a pair of glowing boots for 172 gold pieces
  7681 | D:7      | Noticed Harold
  8346 | D:7      | Killed Harold
  8347 | D:7      | Reached skill level 1 in Armour
  8347 | D:7      | Reached skill level 5 in Dodging
  8347 | D:7      | Reached XP level 10. HP: 36/72 MP: 15/15
  9083 | D:7      | Found a bloodstained altar of Trog.
  9170 | D:8      | Found a sand-covered staircase.
  9174 | Ossuary  | Entered an ossuary
  9205 | Ossuary  | Reached ** piety under Qazlal
  9589 | Ossuary  | Reached *** piety under Qazlal
  9651 | Ossuary  | Reached skill level 5 in Fighting
  9878 | D:8      | Found a shimmering blue altar of Sif Muna.
 10250 | D:8      | Noticed Grum
 10274 | D:8      | Killed Grum
 10429 | D:8      | Found a burning altar of Makhleb.
 10453 | D:8      | Found a snail-covered altar of Cheibriados.
 10453 | D:8      | Found a sacrificial altar of Ru.
 10756 | D:9      | Found a staircase to the Orcish Mines.
 10882 | D:9      | HP: 3/76 [electric eel/bolt of electricity (13)]
 11293 | D:9      | Found a hide-covered altar of Uskayaw.
 11644 | D:9      | Found a hide-covered altar of Uskayaw.
 11649 | D:9      | Reached **** piety under Qazlal
 12172 | D:9      | Found a staircase to the Lair.
 12912 | D:6      | Reached XP level 11. HP: 84/84 MP: 16/16
 13175 | Lair:1   | Entered Level 1 of the Lair of Beasts
 13188 | Lair:1   | Noticed Maggie
 13217 | Lair:1   | Noticed a six-headed hydra
 13231 | Lair:1   | Noticed a seven-headed hydra
 13239 | Lair:1   | Mangled by a komodo dragon

Illustrated notes

Levels and vault maps discovered:
D:1:      kilobyte_arrival_exit_the_forest, layout_rooms
D:2:      minmay_recursive_quarters, layout_loops_ring
D:3:      layout_basic
D:4:      layout_rooms, lemuel_doored_altar, small_statue_intersection,
          kennysheep_potato, uniq_natasha, uniq_crazy_yiuf_cottage,
          uniq_eustachio, uniq_sigmund
D:5:      layout_rooms, okawaru_trees_2, nzn_wu_jian_contemplation,
          minmay_temple_entry_slanted
D:6:      hangedman_cross_stitches, layout_basic, vehumet_statue, serial_shops,
          nicolae_shop_overgrown_old_shop
D:7:      layout_cave_pools, lightli_temple_of_fire, grunt_decor_mini_mirrors,
          uniq_harold
D:8:      layout_loops_ring, gammafunk_temple_overflow_elements,
          marbit_many_paths, nicolae_ossuary_entry_giza, minmay_misc_feat_alley,
          lemuel_blue_sif_altar, uniq_grum
D:9:      layout_long_grid, eat_drink_and_be_merry_uskayaw, erik_lair_dragon,
          orc_0_dummy, enter_bailey_5, kennysheep_diamond
Temple:   oiseaux_autumnal_temple
Lair:1:   layout_misc_corridors, maelrawn_ghost_gauntlet_escape, uniq_gastronok,
          uniq_maggie

Skill      XL: |  1  2  3  4  5  6  7  8  9 10 |
---------------+-------------------------------+-----
Polearms       | 5 6 7 8 9 11 12 14 | 14.0
Invocations    | 3 7 |  7.6
Shields        | 3 4 |  4.8
Fighting       | 4 7 |  7.7
Throwing       | 3 4 |  4.8
Armour         | 1 3 |  3.2
Dodging        | 5 7 |  7.1

Action                   |  1- 3 |  4- 6 |  7- 9 | 10-12 || total
-------------------------+-------+-------+-------+-------++-------
Melee: Trident           |    97 |   252 |   389 |   485 ||  1223
Throw: Dart              |       |    13 |    21 |     7 ||    41
       Throwing net      |       |     4 |     1 |       ||     5
Invok: Upheaval          |       |       |       |     3 ||     3
       Elemental Force   |       |       |       |     2 ||     2
Evoke: Wand              |       |     1 |     9 |       ||    10
  Use: Scroll            |       |    12 |     6 |    10 ||    28
       Potion            |       |     1 |     4 |     2 ||     7
 Stab: Sleeping          |     2 |     5 |     1 |       ||     8
       Held in net/web   |       |     1 |     1 |       ||     2
       Distracted        |       |       |       |     1 ||     1
Armor: Leather armour    |    33 |    78 |    89 |    42 ||   242
Dodge: Dodged            |    56 |   173 |   115 |   130 ||   474
Block: Buckler           |       |       |    54 |   101 ||   155
       Tower shield      |       |       |       |    44 ||    44

Table legend: (Time is in decaauts)
 A = Elapsed time spent in this place.
 B = Non-inter-level travel time spent in this place.
 C = Inter-level travel time spent in this place.
 D = Time resting spent in this place.
 E = Time spent auto-exploring this place.
 F = Levels seen in this place.
 G = Mean time per level.
                   A        B        C        D        E       F      G
               +--------+--------+--------+--------+--------+-----+--------+
         Total |  12862 |  12142 |    720 |   5243 |   4148 |  12 | 1071.8 |
       Dungeon |  12037 |  11346 |    691 |   5081 |   3825 |   9 | 1337.4 |
        Temple |    216 |    187 |     29 |      0 |    168 |   1 |  216.0 |
          Lair |     56 |     56 |      0 |      0 |      0 |   1 |   56.0 |
       Ossuary |    551 |    551 |      0 |    162 |    154 |   1 |  551.0 |
               +--------+--------+--------+--------+--------+-----+--------+

Top non-repeatable levels by time:
     D:4: 1983 daAuts
     D:5: 1903 daAuts
     D:9: 1751 daAuts
     D:8: 1428 daAuts
     D:2: 1222 daAuts
     D:3: 1134 daAuts
     D:7: 1016 daAuts
     D:1: 827 daAuts
     D:6: 770 daAuts
 Ossuary: 551 daAuts
  Temple: 216 daAuts
  Lair:1: 56 daAuts
